 Dungeon Crawl Stone Soup version 0.30-a0-711-gf4ac18a38d (webtiles) character file.

Game seed: 14059494403402448706

22943 arthad the Summoner (level 12, -6/54 HPs)
             Began as a Felid Summoner on Jan 22, 2023.
             Was an Initiate of Gozag.
             Killed from afar by a wizard (33 damage)
             ... with a fireball
             ... on level 15 of the Dungeon.
             The game lasted 01:20:45 (18330 turns).

arthad the Summoner (Felid Summoner)               Turns: 18330, Time: 01:20:45

Health: -6/54      AC:  7    Str:  7    XL:     12   Next: 67%
Magic:  14/27      EV: 22    Int: 22    God:    Gozag
Gold:   1963       SH:  0    Dex: 13    Spells: 14/31 levels left
                                        Lives:  0   Deaths: 3

rFire   . . .      SeeInvis +    (weapon unavailable)
rCold   + . .      Faith    .    (shield unavailable)
rNeg    . . .      Spirit   .    (body armour unavailable)
rPois   .          Reflect  .    (helmet unavailable)
rElec   .          Harm     .    (cloak unavailable)
rCorr   .          Rampage  .    (gloves unavailable)
Will    +++..                    (boots unavailable)
Stlth   ++                       X - amulet of Uvosoff {RegenMP Will+ Regen+ Str+3 Dex-5}
HPRegen 1.09/turn                G - +4 ring of protection
MPRegen 0.60/turn                J - ring "Kunynox" {+Blink Will+ Dex+2}

@: gold aura, quick
A: very small, claws 1, fangs 3, see invisible, speed 1, shaggy fur 3, stealthy
paws, no weapons or thrown items, no armour, multi-lived
a: Renounce Religion, Evoke Blink, Potion Petition, Call Merchant, Bribe Branch


You were on level 15 of the Dungeon.
You worshipped Gozag.
Gozag was most pleased with you.
You visited 2 branches of the dungeon, and saw 16 of its levels.
You also visited: Ossuary.

You collected 3445 gold pieces.
You spent 820 gold pieces at shops.
You paid 662 gold pieces to Gozag.

Inventory:

Hand Weapons
 n - the +9 short sword "Ahoinuikh" {vamp, rElec Will- Dex+4}
   (You found it on level 2 of the Dungeon)

   Dex:       It affects your dexterity (+4).
   rElec:     It insulates you from electricity.
   Will:      It decreases your willpower.
 Q - the +11 Singing Sword {sonic wave}
   (You found it on level 11 of the Dungeon)
 R - the +5 morningstar "Geit" {heavy, rF++}
   (You found it on level 11 of the Dungeon)

   rF:        It greatly protects you from fire.
 S - the +1 flail of Forgiveness {flame, rCorr Str+2 Dex+3}
   (You found it on level 12 of the Dungeon)

   Str:       It affects your strength (+2).
   Dex:       It affects your dexterity (+3).
   rCorr:     It protects you from acid and corrosion.
Jewellery
 e - a ring of protection from cold
 p - a ring of protection from cold
 G - a +4 ring of protection (left paw)
 I - a ring of see invisible
 J - the ring "Kunynox" (right paw) {+Blink Will+ Dex+2}
   (You found it on level 8 of the Dungeon)

   [ring of willpower]

   Dex:       It affects your dexterity (+2).
   +Blink:    It lets you blink.
   Will:      It increases your willpower.
 K - an amulet of magic regeneration
 N - a ring of fire
 P - a ring of ice
 U - a +5 ring of evasion
 V - a ring of protection from fire
 X - the amulet of Uvosoff (around neck) {RegenMP Will+ Regen+ Str+3 Dex-5}
   (You bought it in a shop on level 14 of the Dungeon)

   [amulet of magic regeneration]

   It increases your rate of magic regeneration.
   Str:       It affects your strength (+3).
   Dex:       It affects your dexterity (-5).
   Regen:     It increases your rate of health regeneration.
   Will:      It increases your willpower.
 Y - a ring of wizardry
Wands
 m - a wand of polymorph (10)
 o - a wand of digging (12)
 x - a wand of roots (8)
 L - a wand of paralysis (11)
 M - a wand of flame (5)
Scrolls
 b - 2 scrolls of identify
 h - 5 scrolls of noise
 j - 7 scrolls of teleportation
 l - 2 scrolls of enchant armour
 s - 5 scrolls of fog
 u - a scroll of silence
 w - 4 scrolls of vulnerability
 y - 2 scrolls of magic mapping
 E - a scroll of enchant weapon
 F - 4 scrolls of fear
 H - 5 scrolls of amnesia
 Z - a scroll of poison
Potions
 a - 4 potions of magic
 c - 3 potions of flight
 d - 6 potions of curing
 f - a potion of invisibility
 g - a potion of ambrosia
 k - 3 potions of berserk rage
 q - 5 potions of lignification
 r - 2 potions of haste
 t - 3 potions of cancellation
 v - 7 potions of degeneration
 z - 2 potions of resistance {unknown}
 A - a potion of brilliance {unknown}
 B - 3 potions of attraction {unknown}
 C - 3 potions of mutation {unknown}
 D - 3 potions of might {unknown}
Miscellaneous
 O - a phial of floods (inert)
 T - a box of beasts (inert)
 W - a lightning rod (3/4)


   Skills:
 + Level 7.5 Fighting
 + Level 10.3 Dodging
 - Level 2.6 Stealth
 * Level 10.0 Spellcasting
 - Level 5.0 Hexes
 + Level 11.3 Summonings
 + Level 3.9 Transmutations
 * Level 8.1 Ice Magic
 * Level 9.4 Air Magic
 - Level 6.0 Evocations


You had 14 spell levels left.
You knew the following spells:

 Your Spells              Type           Power      Damage    Failure   Level
a - Summon Small Mammal   Summ           100%       N/A       1%          1
b - Call Imp              Summ           57%        N/A       1%          2
c - Call Canine Familiar  Summ           57%        N/A       1%          3
d - Summon Guardian Gole  Hex/Summ       46%        N/A       1%          3
e - Summon Lightning Spi  Summ/Air       54%        N/A       1%          4
f - Summon Ice Beast      Ice/Summ       52%        N/A       1%          4

Your spell library contained the following spells:

 Spells                   Type           Power      Damage    Failure   Level
 Shock                    Conj/Air       100%       1d9       1%          1
 Poisonous Vapours        Pois/Air       62%        N/A       1%          2
 Frozen Ramparts          Ice            94%        1d15      1%          3
 Swiftness                Air            51%        N/A       1%          3
 Airstrike                Air            25%        2d(4-20)  1%          4
 Sting                    Tmut/Pois      76%        1d6       2%          1
 Cigotuvi's Dreadful Rot  Necr/Pois/Air  48%        N/A       2%          2
 Mephitic Cloud           Conj/Pois/Air  24%        N/A       4%          3
 Ice Form                 Ice/Tmut       37%        N/A       4%          4
 Magic Dart               Conj           44%        1d5       6%          1
 Dazzling Flash           Conj/Hex       44%        N/A       6%          3
 Iskenderun's Mystic Bla  Conj/Tloc      11%        2d4       52%         4
 Olgreb's Toxic Radiance  Pois           11%        N/A       52%         4
 Starburst                Conj/Fire      5%         6d4       100%        6


Dungeon Overview and Level Annotations

Branches:
Dungeon (15/15)            Temple (1/1) D:4            Lair (0/5) D:10
    Orc (0/2) D:9          Vaults (0/5) D:14        Ossuary (visited)
 Depths: D:15

Altars:
Ashenzari
Cheibriados
Dithmenos
Elyvilon
Fedhas
Gozag
Hepliaklqana
Kikubaaqudgha
Makhleb
Nemelex Xobeh
Okawaru
Qazlal
Ru
Sif Muna
Trog
Uskayaw
Vehumet
Wu Jian
Xom
Yredelemnul
Zin
The Shining One

Shops:
D:4 (   D:10 =   D:11 *   D:14 =


Innate Abilities, Weirdness & Mutations

You have sharp claws.
You have razor-sharp teeth.
You have supernaturally acute eyesight. (SInv)
You cover ground quickly. (Speed+)
Your thick and shaggy fur keeps you warm. (AC +3, rC+)
Your paws help you pounce on unaware monsters.
You are incapable of wielding weapons or throwing items.
You cannot wear armour.
You gain extra lives every three experience levels.


Message History

A yaktaur comes into view.
The tengu warrior hits your guardian golem with a +0 great sword of venom!!
Flame seeps out of your guardian golem.
The tengu warrior pecks your guardian golem.
Your guardian golem disappears in a puff of smoke!
Your guardian golem explodes!
The fiery explosion engulfs the plant!!!
The plant begins to die.
The fiery explosion engulfs the tengu warrior!!
The tengu warrior dies!
The fiery explosion engulfs your shadow imp!!
Your shadow imp dies!
Your shadow imp disappears in a puff of smoke!
You hear a shout! x3
The yaktaur wields a +0 arbalest.
The yaktaur shoots a bolt.
The bolt closely misses you.
Casting: Call Canine Familiar (safe; 1% risk of failure)
Confirm with . or Enter, or press ? or * to list all spells.
A chill wind blows around you.
The yaktaur shoots a bolt.
The bolt hits you!
Casting: Summon Ice Beast (dangerous; 1% risk of failure)
Confirm with . or Enter, or press ? or * to list all spells.
A guardian golem appears, shielding your allies.
The yaktaur shoots a bolt.
The bolt hits you!
A nearby plant withers and dies.
The yaktaur shoots a bolt.
The bolt hits your warg!
A centaur warrior comes into view. It is wielding a +0 battleaxe.
The yaktaur shoots a bolt.
The bolt barely misses your warg. The bolt barely misses your ice beast.
The bolt hits your lightning spire!
The wizard points at you and mumbles some strange words.
The fireball explodes!
The fireball engulfs your lightning spire.
Your lightning spire resists.
The fireball engulfs your guardian golem!
Your guardian golem resists.
The fireball engulfs your ice beast!!
Your ice beast melts!
The fireball engulfs you!!
Ouch! That really hurt!
You die...
Your body crumbles into a pile of gold.

..... ..~≈~≈≈..#
..cc≈≈P~.# ########
#..~≈≈≈§§# #.......
#..~≈≈~..# #.######
..~~≈≈≈§☼# ####### #
#..p≈h~~.####.#..# #
#..≈≈§Y...##.....# #
...~≈≈98.#..##.##.# #
....~≈§.@#.##8.##8JS
...~≈~~...###..)###...
....≈~~~...####..# #...#
...~≈~≈~~.#..###)## #.###
...~~≈≈.~....##)..#####.#
..~~≈≈≈≈..#.##.....#....#
.P..≈≈..~.#.##.....#.....
..~~≈≈~~.....##...######.
..~≈≈≈≈..##.####)## #.


You could see a centaur warrior, a yaktaur (invisible), a wizard (invisible,
ally target), a friendly guardian golem (summoned), a friendly warg (summoned,
sheltered), a friendly ice beast (summoned, sheltered) and a friendly lightning
spire (summoned, sheltered).

Vanquished Creatures
  2 meliai (D:15)
  Grinder (D:3)
  A human (shapeshifter) (D:14)
  An electric eel (D:15)
  3 gnolls (D:6)
  An adder (D:6)
  A bat (D:3)
  3 goblins
  5 hobgoblins
18 creatures vanquished.

Vanquished Creatures (collateral kills)
  A great orb of eyes (D:15)
  A vault guard (D:14)
  Erica (D:10)
  A rakshasa (D:15)
  5 centaur warriors
  An ogre mage (D:15)
  3 boulder beetles
  2 two-headed ogres
  Nergalle (D:10)
  2 skeletal warriors (D:13)
  6 ugly things
  3 deep elf pyromancers
  A harpy (shapeshifter) (D:13)
  7 cyclopes
  A manticore (D:12)
  An elephant (D:10)
  A black mamba (shapeshifter) (D:15)
  Maurice (D:9)
  Joseph (D:7)
  2 guardian serpents (shapeshifter)
  A gargoyle (D:13)
  Maggie (D:6)
  Psyche (D:10)
  An unseen horror (D:12)
  A komodo dragon (D:11)
  An efreet (D:14)
  A meliai (D:15)
  3 trolls
  A hornet (D:11)
  A polar bear (shapeshifter) (D:14)
  7 slime creatures
  Sigmund (D:3)
  A centaur simulacrum (D:10)
  A wyvern (D:9)
  A human (shapeshifter) (D:15)
  A water elemental (D:15)
  7 yaks
  3 vampire mosquitoes (D:11)
  A basilisk (D:10)
  2 steam dragons (D:7)
  Menkaure (D:7)
  An acid dragon (D:12)
  A water moccasin (D:7)
  5 orc warriors
  A black bear (D:10)
  An ice beast (D:8)
  3 sky beasts (D:7)
  4 boggarts (D:15)
  An ogre (D:4)
  A phantom (D:5)
  2 centaurs
  2 kobold brigands
  2 gnoll sergeants
  A necrophage (D:7)
  A scorpion (D:4)
  3 wights (D:4)
  5 killer bees (D:9)
  5 howler monkeys
  2 hounds
  5 orc priests
  3 gnoll boudas
  Terence (D:3)
  An iguana (D:6)
  18 orc wizards
  8 mummies (Ossuary)
  Robin (D:3)
  20 gnolls
  6 adders
  A white imp (D:8)
  A worm (D:5)
  2 dart slugs
  34 orcs
  3 bats (D:1)
  5 endoplasms
  3 giant cockroaches
  2 gnoll zombies (Ossuary)
  16 goblins
  7 hobgoblins
  2 jackals (D:3)
  2 quokkas
  4 ball pythons
  4 frilled lizards (D:2)
  2 hobgoblin zombies (Ossuary)
  15 kobolds
  2 kobold zombies (Ossuary)
  2 orc zombies (Ossuary)
  A rat (D:3)
292 creatures vanquished.

Vanquished Creatures (others)
  Jorgrun (D:14)
  A rakshasa (D:15)
  A death knight (D:15)
  A centaur warrior (D:13)
  A death yak (D:10)
  A tengu warrior (D:15)
  A skeletal warrior (D:13)
  A deep elf pyromancer (D:15)
  A cyclops (D:11)
  A manticore (D:14)
  A gargoyle (D:12)
  A slime creature (D:12)
  A water elemental (D:15)
  A water moccasin (D:6)
  A sky beast (D:7)
  2 centaurs
  Blork the orc (D:5)
  A wight (D:4)
  Crazy Yiuf (D:5)
  A gnoll bouda (D:6)
  An orc wizard (D:6)
  3 gnolls
  An orc (D:6)
  15 plants (D:15)
41 creatures vanquished.

Grand Total: 351 creatures vanquished

Notes
Turn   | Place    | Note
-------+----------+-------------------------------------------
     0 | D:1      | arthad the Felid Summoner began the quest for the Orb.
     0 | D:1      | Reached XP level 1. HP: 7/7 MP: 4/4
   284 | D:1      | Reached XP level 2. HP: 11/11 MP: 3/6
   287 | D:1      | Learned a level 2 spell: Call Imp
  1436 | D:2      | Reached skill level 5 in Summonings
  1442 | D:2      | Reached XP level 3. HP: 14/14 MP: 1/7
  1814 | D:2      | Identified the +9 short sword "Ahoinuikh" {vamp, rElec
                  | Will- Dex+4}
  2350 | D:3      | Noticed Terence
  2355 | D:3      | Noticed Grinder
  2367 | D:3      | Killed Terence
  2368 | D:3      | Reached XP level 4. HP: 18/18 MP: 3/8
  2379 | D:3      | Killed Grinder
  2380 | D:3      | Reached skill level 7 in Summonings
  2380 | D:3      | Reached XP level 5. HP: 18/21 MP: 2/9
  2380 | D:3      | Gained mutation: You are covered in thick fur. (AC +2)
                  | [Felid growth]
  2380 | D:3      | Reached XP level 6. HP: 21/24 MP: 2/10
  2480 | D:3      | Noticed Sigmund
  2486 | D:3      | Learned a level 3 spell: Call Canine Familiar
  2490 | D:3      | Learned a level 3 spell: Summon Guardian Golem
  2502 | D:3      | Killed Sigmund
  2503 | D:3      | Reached skill level 8 in Summonings
  2887 | D:3      | Noticed Robin
  2915 | D:3      | Killed Robin
  2960 | D:3      | Found a broken altar of Ashenzari.
  3587 | D:4      | Found a staircase to the Ecumenical Temple.
  3604 | Temple   | Entered the Ecumenical Temple
  3893 | Temple   | Became a worshipper of Gozag Ym Sagoz the Greedy
  4086 | D:4      | Found Nufubeuw's Weapon Emporium.
  4095 | D:4      | Reached XP level 7. HP: 27/27 MP: 11/11
  4155 | D:4      | Reached skill level 1 in Hexes
  4387 | D:4      | Reached skill level 1 in Fighting
  4387 | D:4      | Reached skill level 1 in Evocations
  4675 | D:4      | Mangled by a wight
  4676 | D:4      | Reached XP level 6. HP: -6/24 MP: 11/11
  4836 | D:4      | Reached XP level 7. HP: 28/28 MP: 2/12
  5129 | D:5      | Entered Level 5 of the Dungeon
  5558 | D:5      | Noticed Blork the orc
  5577 | D:5      | Killed Blork the orc
  6384 | D:5      | Found a runed translucent door.
  6385 | D:5      | Noticed Crazy Yiuf
  6668 | D:5      | Killed Crazy Yiuf
  6836 | D:6      | Reached skill level 1 in Air Magic
  6921 | D:6      | Reached XP level 8. HP: 21/34 MP: 1/14
  7005 | D:6      | Found a sand-covered staircase.
  7010 | Ossuary  | Entered an ossuary
  7032 | Ossuary  | Learned a level 4 spell: Summon Lightning Spire
  7336 | D:6      | Noticed Maggie
  7351 | D:6      | Killed Maggie
  7352 | D:6      | Reached skill level 9 in Summonings
  7730 | D:6      | Reached skill level 5 in Dodging
  8888 | D:7      | Reached XP level 9. HP: 38/38 MP: 3/17
  9089 | D:7      | Noticed Joseph
  9097 | D:7      | Killed Joseph
  9098 | D:7      | Reached skill level 5 in Spellcasting
  9098 | D:7      | Reached skill level 5 in Hexes
  9136 | D:7      | Noticed Menkaure
  9145 | D:7      | Killed Menkaure
 10077 | D:8      | Identified the ring "Kunynox" {+Blink Will+ Dex+2}
 10542 | D:8      | Learned a level 4 spell: Summon Ice Beast
 10973 | D:9      | Found a staircase to the Orcish Mines.
 11054 | D:9      | Noticed Maurice
 11070 | D:9      | Killed Maurice
 11071 | D:9      | Reached skill level 1 in Ice Magic
 11071 | D:9      | Reached XP level 10. HP: 43/43 MP: 17/20
 11129 | D:9      | Reached skill level 5 in Air Magic
 11157 | D:9      | Noticed a two-headed ogre
 11169 | D:9      | Killed a two-headed ogre
 11276 | D:9      | Reached skill level 5 in Evocations
 11719 | D:10     | Entered Level 10 of the Dungeon
 11939 | D:10     | Noticed Erica
 11969 | D:10     | Killed Erica
 12057 | D:10     | Noticed Nergalle
 12070 | D:10     | Slain by a spectral orc knight
 12071 | D:10     | Reached XP level 9. HP: -4/34 MP: 19/20
 12079 | D:10     | Found Wodiurghis's Jewellery Shop.
 12183 | D:10     | Noticed Psyche
 12200 | D:10     | Killed Psyche
 12201 | D:10     | Reached skill level 5 in Fighting
 12201 | D:10     | Reached XP level 10. HP: 41/44 MP: 14/21
 12203 | D:10     | Killed Nergalle
 12204 | D:10     | Reached skill level 10 in Summonings
 12343 | D:10     | Noticed an elephant
 12343 | D:10     | Noticed a two-headed ogre
 12344 | D:10     | Noticed a death yak
 12350 | D:10     | Killed a two-headed ogre
 12355 | D:10     | Killed an elephant
 12379 | D:10     | Killed a death yak
 12465 | D:10     | Found a staircase to the Lair.
 12743 | D:11     | Noticed a cyclops
 12755 | D:11     | Killed a cyclops
 12880 | D:11     | Noticed a boulder beetle
 12899 | D:11     | Killed a boulder beetle
 12900 | D:11     | Reached XP level 11. HP: 48/48 MP: 15/23
 13076 | D:11     | Noticed a harpy
 13081 | D:11     | a harpy changed into a meliai
 13124 | D:11     | Found the +11 Singing Sword {sonic wave}
 13161 | D:11     | Noticed a centaur warrior
 13174 | D:11     | Killed a centaur warrior
 13175 | D:11     | Reached skill level 5 in Ice Magic
 13220 | D:11     | Noticed a red ugly thing
 13229 | D:11     | Killed a red ugly thing
 13406 | D:11     | Found Keiwaq's Elemental Accessories.
 13859 | D:11     | Noticed a boulder beetle
 14127 | D:11     | Killed a boulder beetle
 14147 | D:11     | Identified the +5 morningstar "Geit" {heavy, rF++}
 14201 | D:12     | Identified the +1 flail of Forgiveness {flame, rCorr Str+2
                  | Dex+3}
 14232 | D:12     | Noticed a deep elf pyromancer
 14253 | D:12     | Killed a deep elf pyromancer
 15378 | D:13     | Noticed a centaur warrior
 15388 | D:13     | Killed a centaur warrior
 15598 | D:13     | Noticed a centaur warrior
 15600 | D:13     | Noticed a centaur warrior
 15605 | D:13     | HP: 1/48 [centaur warrior/arrow (14)]
 15853 | D:13     | Noticed a harpy
 15860 | D:13     | Killed a harpy
 15934 | D:13     | Gained mutation: Your thick and shaggy fur keeps you warm.
                  | (AC +3, rC+) [Felid growth]
 15934 | D:13     | Reached XP level 12. HP: 38/53 MP: 18/25
 16036 | D:13     | Killed a centaur warrior
 16045 | D:13     | Killed a centaur warrior
 16046 | D:13     | Reached skill level 1 in Transmutations
 16790 | D:14     | Noticed Jorgrun
 16803 | D:14     | Killed Jorgrun
 16982 | D:14     | Noticed a centaur warrior
 17002 | D:14     | Killed a centaur warrior
 17003 | D:14     | Reached skill level 11 in Summonings
 17113 | D:14     | Noticed a boulder beetle
 17123 | D:14     | Killed a boulder beetle
 17285 | D:14     | Found Solyad's Jewellery Boutique.
 17291 | D:14     | Bought the amulet of Uvosoff {RegenMP Will+ Regen+ Str+3
                  | Dex-5} for 460 gold pieces
 17291 | D:14     | Bought a ring of wizardry for 360 gold pieces
 17318 | D:14     | Noticed a centaur warrior
 17334 | D:14     | Killed a centaur warrior
 17410 | D:14     | Found a gate to the Vaults.
 17410 | D:14     | Noticed a vault guard
 17477 | D:14     | Killed a vault guard
 17654 | D:15     | Entered Level 15 of the Dungeon
 17682 | D:15     | Noticed a seven-headed hydra
 17697 | D:15     | Mangled by a red ugly thing
 17697 | D:15     | Noticed a tengu warrior
 17698 | D:15     | Reached XP level 11. HP: -12/50 MP: 23/25
 17708 | D:15     | Noticed a death knight
 17710 | D:15     | Noticed a deep elf pyromancer
 17713 | D:15     | Noticed a centaur warrior
 17715 | D:15     | HP: 2/50 [centaur warrior/arrow (17)]
 17754 | D:15     | Reached XP level 12. HP: 44/54 MP: 11/26
 17821 | D:15     | Noticed an ogre mage
 17887 | D:15     | Reached skill level 10 in Dodging
 17951 | D:15     | Killed a death knight
 18004 | D:15     | Noticed a rakshasa
 18015 | D:15     | Noticed a great orb of eyes
 18023 | D:15     | Killed a rakshasa
 18035 | D:15     | Killed a great orb of eyes
 18098 | D:15     | Noticed a rakshasa
 18115 | D:15     | Killed a rakshasa
 18166 | D:15     | Noticed an ogre mage
 18169 | D:15     | Reached skill level 10 in Spellcasting
 18170 | D:15     | Killed an ogre mage
 18312 | D:15     | Noticed a tengu warrior
 18324 | D:15     | Killed a tengu warrior
 18330 | D:15     | Noticed a centaur warrior
 18330 | D:15     | Killed from afar by a wizard

Illustrated notes

Levels and vault maps discovered:
D:1:      dpeg_arrival_simpleton_b, layout_loops_ring, nrook_uturn
D:2:      cheibrodos_greedy_goblins, layout_loops_cross, roderic_malta_cross
D:3:      kennysheep_big_flooded_room, layout_loops_ring,
          cheibrodos_ashenzari_chains, uniq_robin, uniq_sigmund, uniq_grinder,
          uniq_terence
D:4:      layout_cave_pods, minmay_temple_entry_glass, serial_shops,
          nicolae_shop_statue_plus
D:5:      layout_cave_pods, serial_co_window_serial, co_window_paths_b,
          co_window_paths_a, co_window_corner_a, co_window_paths_b,
          co_window_paths_b, co_window_corner_b, co_window_corner_b,
          co_window_of_opportunity_c, glass_columns_c, glass_columns_a,
          minivault_23, dk_noncrumbling_2, uniq_crazy_yiuf_cottage,
          uniq_blork_the_orc
D:6:      layout_basic, nicolae_ossuary_entry_plus, due_unseen_surprise,
          uniq_maggie
D:7:      layout_basic, serial_corexii_hall, corexii_hall_statues_deadend,
          corexii_hall_statues_s, uniq_joseph, uniq_menkaure
D:8:      layout_loops_ring, chequers_serial_rivers_small_b
D:9:      nicolae_BIG_FREAKIN_CUBE, layout_cave_pools, david_orc_3,
          serial_column_ruins, column_ruins_hut_ruined,
          column_ruins_columns_corner, column_ruins_open_medium_water,
          column_ruins_grid_1, column_ruins_columns_straight,
          column_ruins_open_medium, column_ruins_open_tiny, minmay_holes,
          uniq_maurice
D:10:     layout_long_grid, david_lair_generic, serial_shops, shop, hex_tiny,
          uniq_erica, uniq_psyche, uniq_nergalle
D:11:     minmay_wavy_crystal, layout_long_grid, grunt_decor_one_mirror,
          nicolae_elemental_shop
D:12:     layout_irregular_city
D:13:     layout_irregular_city
D:14:     layout_roguey, david_vaults_5, hangedman_decor_peaks_small,
          kennysheep_small_square, uniq_jorgrun
D:15:     gammafunk_enter_depths_forms, layout_loops_cross, chequers_big_river,
          minmay_fractal_squares_diagonal_5
Temple:   mainiacjoe_temple_hex_bubbles

Skill      XL: |  1  2  3  4  5  6  7  8  9 10 11 12 |
---------------+-------------------------------------+-----
Summonings     | 5 7 8 9 10 11 | 11.3
Dodging        | 4 5 6 8 9 10 | 10.3
Hexes          | 3 4 5 |  5.0
Fighting       | 2 3 5 6 7 |  7.5
Evocations     | 2 3 4 6 |  6.0
Spellcasting   | 3 4 6 7 8 10 | 10.0
Air Magic      | 1 3 4 6 9 |  9.4
Ice Magic      | 1 4 6 8 |  8.1
Transmutations | 3 |  3.9
Stealth        | |  2.6

Action                     |  1- 3 |  4- 6 |  7- 9 | 10-12 || total
---------------------------+-------+-------+-------+-------++-------
  Melee: Unarmed           |    33 |    25 |    37 |    22 ||   117
         Bite              |     3 |     3 |     4 |     5 ||    15
   Cast: Summon Small Mamm |    72 |    14 |    33 |     4 ||   123
         Call Imp          |    16 |     7 |    25 |    27 ||    75
         Call Canine Famil |       |    11 |    42 |    72 ||   125
         Summon Guardian G |       |     3 |    33 |    77 ||   113
         Summon Lightning  |       |       |    29 |    99 ||   128
         Summon Ice Beast  |       |       |     1 |    67 ||    68
 Invoke: Potion Petition   |       |       |       |     2 ||     2
Ability: Evoke Blink       |       |       |       |     2 ||     2
  Evoke: Wand              |       |       |     3 |     5 ||     8
         Phial of floods   |       |       |       |     1 ||     1
         Lightning rod     |       |       |       |     4 ||     4
         Box of beasts     |       |       |       |     2 ||     2
    Use: Potion            |     1 |       |     2 |    12 ||    15
         Scroll            |       |       |    13 |    10 ||    23
   Stab: Distracted        |       |     1 |       |       ||     1
         Paralysed         |       |       |       |     2 ||     2
 Armour: Skin              |     4 |    17 |     3 |    14 ||    38
  Dodge: Dodged            |    32 |    15 |    52 |   143 ||   242

Table legend: (Time is in decaauts)
 A = Elapsed time spent in this place.
 B = Non-inter-level travel time spent in this place.
 C = Inter-level travel time spent in this place.
 D = Time resting spent in this place.
 E = Time spent auto-exploring this place.
 F = Levels seen in this place.
 G = Mean time per level.
                   A        B        C        D        E       F      G
               +--------+--------+--------+--------+--------+-----+--------+
         Total |  16217 |  15762 |    455 |   1607 |  10760 |  17 |  953.9 |
       Dungeon |  15682 |  15251 |    431 |   1576 |  10400 |  15 | 1045.5 |
        Temple |    255 |    231 |     24 |      0 |    220 |   1 |  255.0 |
       Ossuary |    279 |    279 |      0 |     31 |    139 |   1 |  279.0 |
               +--------+--------+--------+--------+--------+-----+--------+

Top non-repeatable levels by time:
     D:5: 1465 daAuts
    D:11: 1283 daAuts
     D:6: 1259 daAuts
     D:7: 1226 daAuts
     D:4: 1170 daAuts
    D:13: 1132 daAuts
     D:2: 1065 daAuts
     D:1: 1030 daAuts
     D:3: 1003 daAuts
    D:12: 992 daAuts
    D:14: 961 daAuts
     D:8: 912 daAuts
    D:10: 888 daAuts
     D:9: 692 daAuts
    D:15: 597 daAuts
